 Dungeon Crawl Stone Soup version 0.19-a0-1225-gf887c1c (webtiles) character file.

149 Banto the Sneak (level 5, -4/42 HPs)
             Began as a Naga Enchanter on Aug 26, 2016.
             Slain by an iguana (11 damage)
             ... on level 4 of the Dungeon.
             The game lasted 00:05:41 (2392 turns).

Banto the Sneak (Naga Enchanter)                    Turns: 2392, Time: 00:05:41

Health: -4/42      AC:  4    Str: 11    XL:     5   Next: 31%
Magic:  8/8        EV: 10    Int: 15    God:
Gold:   39         SH:  0    Dex: 12    Spells: 3 memorised, 2 levels left

rFire  . . .     SeeInvis +     n - +1 lightning rod (13/13)
rCold  . . .     Gourm    .     b - +2 robe
rNeg   . . .     Faith    .     (no shield)
rPois  +         Spirit   .     (no helmet)
rElec  .         Dismiss  .     (no cloak)
rCorr  .         Reflect  .     (no gloves)
MR     .....     Harm     .     (no barding)
Stlth  ++++......               j - amulet of inaccuracy (curse)
                                (no ring)
                                (no ring)

@: very slow
A: see invisible, deformed body, poison resistance, slowness 2, slow metabolism
1, spit poison 2, AC +1
a: Spit Poison


You were on level 4 of the Dungeon.
You were not hungry.

You visited 1 branch of the dungeon, and saw 4 of its levels.

You collected 39 gold pieces.

Inventory:

Hand Weapons
 a - a +1 dagger
Armour
 b - a +2 robe (worn)
Rods
 n - a +1 lightning rod (13/13) (in hand)
   (You found it on level 3 of the Dungeon)
Jewellery
 j - a cursed amulet of inaccuracy (around neck)
Scrolls
 e - a scroll of enchant weapon {unknown}
 f - 2 scrolls of remove curse
 i - 2 scrolls of teleportation
Potions
 h - a potion of agility {unknown}
 k - a potion of invisibility {unknown}
 l - a potion of brilliance {unknown}
Books
 c - a book of Maledictions

   Spells                             Type                      Level
   a - Corona                         Hexes                        1
   b - Ensorcelled Hibernation        Hexes/Ice                    2
   c - Confuse                        Hexes                        3
   d - Tukima's Dance                 Hexes                        3
   e - Dazzling Spray                 Conjuration/Hexes            3
 m - a book of Minor Magic

   Spells                             Type                      Level
   a - Magic Dart                     Conjuration                  1
   b - Blink                          Translocation                2
   c - Call Imp                       Summoning                    2
   d - Repel Missiles                 Charms/Air                   2
   e - Slow                           Hexes                        2
   f - Conjure Flame                  Conjuration/Fire             3
   g - Mephitic Cloud                 Conjuration/Poison/Air       3
Comestibles
 d - 2 bread rations
 g - 6 fruits


   Skills:
 + Level 3.9 Short Blades
 - Level 1.5 Dodging
 + Level 6.5 Stealth
 - Level 2.0 Spellcasting
 - Level 3.0 Hexes


You had 2 spell levels left.
You knew the following spells:

 Your Spells              Type           Power        Failure   Level  Hunger
a - Corona                Hex            ##.....      8%          1    #......
b - Ensorcelled Hibernat  Hex/Ice        #.....       17%         2    ###....
c - Confuse               Hex            ##......     21%         3    ###....


Dungeon Overview and Level Annotations

Branches:
Dungeon (4/15)
 Temple: D:4-7

Altars:
Ashenzari
Gozag
Qazlal
Yredelemnul


Innate Abilities, Weirdness & Mutations

You cannot wear boots.
Your serpentine skin is tough. (AC +1)
You have supernaturally acute eyesight. (SInv)
Armour fits poorly on your strangely shaped body.
Your system is resistant to poisons. (rPois)
You cover ground very slowly.
You have a slow metabolism.
You can spit poison.


Message History

There is a stone staircase leading down here.
You climb downwards.
You hear the sound of rushing water.
There is an entrance to a sewer on this level.
Hurry and find it before the portal rusts away!
There is a stone staircase leading up here.
An iguana comes into view.
Found a beef jerky and 32 gold pieces.
The iguana hisses angrily.
Really attack while wielding your +1 lightning rod (13/13)?
You clumsily bash the iguana but do no damage.
The iguana bites you. The iguana bites you!
You take 14 damage, and have 28/42 hp.
MASSIVE DAMAGE!!
You clumsily bash the iguana but do no damage.
The iguana bites you!
You take 12 damage, and have 16/42 hp.
MASSIVE DAMAGE!!
You barely miss the iguana. The iguana closely misses you.
The iguana bites you!
* * * LOW HITPOINT WARNING * * *
You barely miss the iguana. The iguana bites you!
You die...

## # #.#. .#.#
#.#.###$ .#
#.#.#.$ ...
#%#.#l#.#.#
###.#..@..#.#
...##.#.##.#
.#####.#.###<#.#
........## ##..#
########.###.###
##.#.## ##.##
###


You could see an iguana.

Vanquished Creatures
  4 gnolls (D:3)
  3 adders (D:2)
  An ooze (D:1)
  2 worms (D:3)
  A dart slug (D:2)
  A giant gecko (D:1)
  5 bats
  10 giant cockroaches
  7 goblins
  7 hobgoblins
  6 jackals
  A quokka (D:2)
  4 giant newts (D:1)
  5 kobolds
  6 rats
63 creatures vanquished.

Notes
Turn   | Place    | Note
-------+----------+-------------------------------------------
     0 | D:1      | Banto the Naga Enchanter began the quest for the Orb.
     0 | D:1      | Reached XP level 1. HP: 15/15 MP: 3/3
   107 | D:1      | Reached XP level 2. HP: 17/22 MP: 5/5
   150 | D:1      | Reached skill level 5 in Stealth
   283 | D:1      | Found a shattered altar of Ashenzari.
   470 | D:1      | Reached XP level 3. HP: 22/28 MP: 6/6
   703 | D:1      | Learned a level 2 spell: Ensorcelled Hibernation
   707 | D:1      | Learned a level 3 spell: Confuse
   958 | D:2      | Found an opulent altar of Gozag.
   998 | D:2      | Found a basalt altar of Yredelemnul.
  1067 | D:2      | Reached XP level 4. HP: 33/36 MP: 7/7
  1465 | D:2      | Found a stormy altar of Qazlal.
  1467 | D:2      | Noticed an earth elemental
  1467 | D:2      | Noticed a water elemental
  1468 | D:2      | Noticed a fire elemental
  1468 | D:2      | Noticed an air elemental
  1484 | D:2      | Reached skill level 6 in Stealth
  2094 | D:3      | Reached XP level 5. HP: 18/42 MP: 6/8
  2392 | D:4      | Slain by an iguana

Vault maps used:
D:1:      roderic_octagonal_star, nicolae_ashenzari_panopticon
D:2:      lemuel_doored_altar, nicolae_qazlal_style_of_elements,
          yredelemnul_altar_generic
D:3:      first_bread, minmay_crystal_water, uniq_jessica
D:4:      dancing_weapons_uskayaw, gup_sewer_entry_bubbles, uniq_natasha,
          uniq_crazy_yiuf_cottage

Skill      XL: |  1  2  3  4 |
---------------+-------------+-----
Stealth        | 5 6 |  6.5
Short Blades   | 2 3 |  3.9
Dodging        | |  1.5
Spellcasting   | |  2.0
Hexes          | |  3.0

Action                   |  1- 3 |  4- 6 || total
-------------------------+-------+-------++-------
Melee: Dagger            |   106 |    89 ||   195
 Cast: Ensorcelled Hiber |     1 |     5 ||     6
       Corona            |       |     2 ||     2
 Abil: Spit Poison       |    16 |     7 ||    23
Evoke: Rod               |       |     4 ||     4
  Use: Scroll            |     4 |       ||     4
 Stab: Sleeping          |    11 |     5 ||    16
  Eat: Chunk             |     1 |     5 ||     6
Armor: Robe              |    30 |    36 ||    66
Dodge: Dodged            |    47 |    64 ||   111

Table legend:
 A = Turns spent in this place as a percentage of turns spent in the entire game.
 B = Non-inter-level travel turns spent in this place as a percentage of non-inter-level travel turns spent in the entire game.
 C = Inter-level travel turns spent in this place as a percentage of turns spent in this place.
 D = Turns resting spent in this place as a percentage of non-inter-level travel turns spent in this place.
 E = Turns spent auto-exploring this place as a percentage of non-inter-level travel turns spent in this place.
 F = Non-inter-level travel turns spent in this place divided by the number of levels of this place that you've seen.
                   A       B       C       D       E      F
               +-------+-------+-------+-------+-------+----------------------
         Total | 100.0 | 100.0 |   0.4 |   2.1 |  13.0 | 167.8
       Dungeon | 100.0 | 100.0 |   0.4 |   2.1 |  13.0 | 167.8
               +-------+-------+-------+-------+-------+----------------------

Table legend:
 A = Kills in this place as a percentage of kills in entire the game.
 B = Kills by you in this place as a percentage of kills by you in the entire game.
 C = Kills by friends in this place as a percentage of kills by friends in the entire game.
 D = Other kills in this place as a percentage of other kills in the entire game.
 E = Experience gained in this place as a percentage of experience gained in the entire game.
 F = Experience gained in this place divided by the number of levels of this place that you have seen.
                   A       B       C       D       E      F
               +-------+-------+-------+-------+-------+----------------------
         Total | 100.0 | 100.0 |  -nan |  -nan | 100.0 |  53.2
       Dungeon | 100.0 | 100.0 |  -nan |  -nan | 100.0 |  53.2
               +-------+-------+-------+-------+-------+----------------------
